AoeStats
← tony le gros rou

Socotra

506628692Analyzed
3v3 RM · 17d ago on Sep 14, 2026· 27m 1s· 6 players
Game mode
Random Map
Map size
128×128
Population
200
Speed
Normal
Resources
Standard
Victory
Conquest
Starting age
Dark Age
Ending age
Imperial Age
RankedLock teamsTeams togetherTeam positionsShared explorationLock speedFull tech treeHidden civsTurbo modeCheats
Victory
Defeat
🇫🇷 Armenians · France
1570
+9
🇫🇷 Magyars · France
1479
+13
🇫🇷 Saracens · France
1464
+13
🇨🇳 Koreans · China
1454
-13
1404
-12
🇨🇳 Spanish · China
1367
-10
垃圾小土兵
2:39 Loom
16:09 Feudal Age
17:10 Town Watch
21:20 Castle Age
20:15 Double-Bit Axe
20:58 Gold Mining
21:27 Horse Collar
22:49 Squires
26:18 Scale Mail Armor
有钱胶己人 无钱咬支浪
0:26 Loom
8:52 Feudal Age
9:27 Double-Bit Axe
14:43 Fletching
16:22 Town Watch
17:03 Padded Archer Armor
18:35 Wheelbarrow
23:12 Castle Age
21:18 Gold Mining
23:13 Crossbowman
23:49 Bodkin Arrow
25:31 Ballistics
25:59 Thumb Ring
27:10 Bow Saw
27:26 Leather Archer Armor
精华缘
8:38 Loom
10:24 Feudal Age
14:50 Castle Age
23:05 Husbandry
26:18 Wheelbarrow
26:16 Padded Archer Armor
tony le gros rou
5:31 Loom
10:06 Feudal Age
22:39 Castle Age
23:26 Fletching
23:37 Padded Archer Armor
25:29 Scale Barding Armor
ccereal
6:03 Loom
8:25 Feudal Age
9:37 Double-Bit Axe
11:40 Town Watch
11:47 Fletching
13:45 Padded Archer Armor
21:45 Castle Age
20:09 Horse Collar
21:48 Crossbowman
22:28 Bodkin Arrow
23:51 Ballistics
Frorok
4:19 Loom
15:22 Feudal Age
15:58 Double-Bit Axe
18:45 Wheelbarrow
19:16 Fletching
23:25 Castle Age
24:25 Bodkin Arrow
26:02 Crossbowman
Connection lost

Rejoining the realm…

Still unreachable

The connection could not be restored.

Session expired

The server has moved on; the page needs a fresh start.